 Dungeon Crawl Stone Soup version 0.28-b1-25-g9875b3fc8c (webtiles) character file.

Game seed: 8719577001299129900

22 buriedalive the Chiller (level 2, -1/15 HPs)
             Began as a Deep Elf Ice Elementalist on Jan 31, 2022.
             Slain by a hound (4 damage)
             ... on level 4 of the Dungeon on Feb 1, 2022.
             The game lasted 00:02:10 (1352 turns).

buriedalive the Chiller (Deep Elf Ice Elementalist) Turns: 1352, Time: 00:02:10

Health: -1/15      AC:  3    Str:  5    XL:     2   Next: 68%
Magic:  8/8        EV: 12    Int: 19    God:
Gold:   94         SH:  0    Dex: 15    Spells: 6/7 levels left

rFire   . . .      SeeInvis .   b - +0 dagger
rCold   . . .      Faith    .   (no shield)
rNeg    . . .      Spirit   .   a - +0 robe
rPois   .          Reflect  .   (no helmet)
rElec   .          Harm     .   c - +0 cloak
rCorr   .          Rampage  .   (no gloves)
Will    .....                   (no boots)
Stlth   ++........              (no amulet)
HPRegen 0.05/turn               (no ring)
MPRegen 0.11/turn               (no ring)

@: no status effects
A: no striking features
a: no special abilities


You were on level 4 of the Dungeon.
You visited 1 branch of the dungeon, and saw 3 of its levels.

You collected 94 gold pieces.

Inventory:

Hand Weapons
 b - a +0 dagger (weapon)
Armour
 a - a +0 robe (worn)
 c - a +0 cloak (worn)
Jewellery
 d - a +6 ring of dexterity
Scrolls
 g - a scroll of enchant weapon {unknown}
Potions
 e - a potion of invisibility {unknown}
 f - a potion of curing {unknown}


   Skills:
 + Level 2.5 Dodging
 - Level 2.4 Stealth
 + Level 0.1 Unarmed Combat
 - Level 3.0 Spellcasting
 + Level 5.2 Ice Magic


You had 6 spell levels left.
You knew the following spells:

 Your Spells              Type           Power      Damage    Failure   Level
a - Freeze                Ice            88%        1d10      1%          1

Your spell library contained the following spells:

 Spells                   Type           Power      Damage    Failure   Level
 Frozen Ramparts          Ice            44%        1d6       5%          3
 Ozocubu's Armour         Ice            22%        N/A       5%          3
 Magic Dart               Conj           8%         1d3       16%         1
 Searing Ray              Conj           4%         2d4       22%         2
 Hailstorm                Conj/Ice       12%        3d5       45%         4
 Fulminant Prism          Conj/Hex       1%         3d6       83%         4


Dungeon Overview and Level Annotations

Branches:
Dungeon (2/15)

Altars:

Shops:
D:1 (


Message History

The adder skeleton is heavily damaged.
The adder skeleton bites you but does no damage.
You hit the adder skeleton but do no damage.
The adder skeleton is heavily damaged.
The adder skeleton barely misses you.
You hit the adder skeleton.
The adder skeleton is heavily damaged.
The adder skeleton completely misses you.
You hit the adder skeleton but do no damage.
The adder skeleton is heavily damaged.
The adder skeleton barely misses you.
You hit the adder skeleton but do no damage.
The adder skeleton is heavily damaged.
The adder skeleton barely misses you.
You hit the adder skeleton.
The adder skeleton is severely damaged.
The adder skeleton bites you but does no damage.
You hit the adder skeleton.
The adder skeleton is almost destroyed.
The adder skeleton bites you. x2
You barely miss the adder skeleton.
The adder skeleton is almost destroyed.
A hound comes into view.
The adder skeleton bites you.
You closely miss the adder skeleton.
The adder skeleton is almost destroyed.
The adder skeleton bites you but does no damage.
You closely miss the adder skeleton.
The adder skeleton is almost destroyed.
The hound barks!
A phantom comes into view.
The adder skeleton bites you.
You are too injured to fight recklessly!
You are too injured to fight recklessly!
Unknown command.
Unknown command.
The hound bites you.
* * * LOW HITPOINT WARNING * * *
The hound bites you.
You die...

#.....#........#...
P≈♣ ♣≈'...
#.#.#...#.#.##...# #+#
♣≈≈♣#...
....#.#.#..).# ###
.... #####.#.
##.......##.######....
#.......
....#..............
#.######
....#....#.###.#...
#...........# #.
.......##.....##....
.#.#.#......@.......
#...#.#.#.hZ#.#....
........#.#.#......
#.....##.......##..
.......W...#........
###.#....#....#...
........#........
...##.......##.# ...
..#.#.#.. ##


You could see a phantom, a hound and an adder skeleton.

Vanquished Creatures
  A ball python (D:1)
  4 endoplasms (D:1)
  A hobgoblin (D:1)
  4 jackals (D:1)
  A quokka (D:1)
  3 bats (D:1)
  2 goblins (D:1)
  A kobold (D:4)
  2 rats (D:1)
19 creatures vanquished.

Notes
Turn   | Place    | Note
-------+----------+-------------------------------------------
     0 | D:1      | buriedalive the Deep Elf Ice Elementalist began the quest
                  | for the Orb.
     0 | D:1      | Reached XP level 1. HP: 10/10 MP: 6/6
   388 | D:1      | Reached XP level 2. HP: 15/15 MP: 6/8
   416 | D:1      | Reached skill level 5 in Ice Magic
   421 | D:1      | Found Vynu's Antique Weapon Emporium.
  1219 | D:2      | You fall into a shaft and drop 2 floors!
  1348 | D:4      | Noticed a phantom
  1352 | D:4      | Slain by a hound

Illustrated notes

Levels and vault maps discovered:
D:1:      psy_arrival_fountain, layout_loops_corners, serial_shops,
          nicolae_shop_hallway_plus, ebering_dispersal_statue_hall
D:2:      layout_rooms
D:4:      nicolae_cairo_tiling_large_dashed, layout_basic, saegor_snake_ambush

Skill      XL: |  1  2 |
---------------+-------+-----
Ice Magic      | 5 |  5.2
Dodging        | |  2.5
Stealth        | |  2.4
Unarmed Combat | |  0.1
Spellcasting   | |  3.0

Action                   || total
-------------------------++-------
Melee: Unarmed           ||     3
       Dagger            ||    24
 Cast: Freeze            ||    23
 Stab: Sleeping          ||     4
Armor: Robe              ||     6
Dodge: Dodged            ||    28
